[Event "Late-Titled-Tuesday-Blitz-September-12-2023"]
[Site "Chess.com"]
[Date "2023.09.12"]
[Round "11"]
[White "dropstoneDP"]
[Black "lachesisQ"]
[Result "1-0"]
[WhiteElo "3032"]
[BlackElo "3081"]
[TimeControl "180+1"]
[EndTime "15:58:44 PDT"]
[Termination "dropstoneDP won by resignation"]

1. e4 c5 2. Nf3 e6 3. d4 cxd4 4. Nxd4 Nc6 5. Nc3 Qc7 6. Nxc6 bxc6 7. Bd3 d5 8. Qe2 Nf6 9. exd5 cxd5 10. Nb5 Qb8 11.
g3 Bd6 12. Nxd6+ Qxd6 13. Bf4 Qe7 14. O-O-O O-O 15. Be5 Bb7 16. Rhe1 Rfc8 17. Kb1 a5 18. f4 Ne4 19. Qe3 a4 20. a3 f6 21. Bd4 Bc6 22.
Ka1 Rab8 23. g4 Qc7 24. g5 e5 25. fxe5 fxe5 26. Bxe4 exd4 27. Bxh7+ Kxh7 28. Qh3+ Kg8 29. g6 1-0

[Event "Late-Titled-Tuesday-Blitz-September-12-2023"]
[Site "Chess.com"]
[Date "2023.09.12"]
[Round "11"]
[White "egnfanclub"]
[Black "reevecanada"]
[Result "1-0"]
[WhiteElo "2346"]
[BlackElo "2481"]
[TimeControl "180+1"]
[EndTime "15:58:51 PDT"]
[Termination "egnfanclub won by resignation"]

1. e4 c5 2. Nc3 d6 3. f4 g6 4. Nf3 Bg7 5. Bb5+ Bd7 6. Bc4 Nc6 7. O-O Nd4 8. a4 e6 9. d3 Ne7 10. Nxd4 cxd4 11. Ne2 O-O 12. Bb3 Kh8 13. Qe1 f5 14. Ng3 e5 15. Bd2 h6 16. Bb4 Qb6 17. a5 Qc7 18. fxe5 Bxe5 19. Ne2 f4 20. Qh4 Ng8 21. Bxg8 Kxg8 22. Qxh6 Rf6 23. Nxf4 Raf8 24. Nd5 Rxf1+ 25. Rxf1 Rxf1+ 26. Kxf1 Qxc2 27. Qxg6+ Kf8 28. Bxd6+ Bxd6 29. Qxd6+ Kg8 30. Nf6+ Kf7 31. Nxd7 Qc1+ 32. Ke2 Qe3+ 33. Kd1 Qxd3+ 34. Kc1 Qc4+ 35. Kb1 Qf1+ 36. Ka2 Qc4+ 37. Ka3 Qd3+ 38. b3 Qxe4 39. Ne5+ Kg8 40. Qg6+ Qxg6 41. Nxg6 d3 42. Kb2 1-0

[Event "Late-Titled-Tuesday-Blitz-September-12-2023"]
[Site "Chess.com"]
[Date "2023.09.12"]
[Round "11"]
[White "AsaHoffmann"]
[Black "rdarruda"]
[Result "0-1"]
[WhiteElo "2336"]
[BlackElo "2504"]
[TimeControl "180+1"]
[EndTime "15:58:54 PDT"]
[Termination "rdarruda won by resignation"]

1. d4 Nf6 2. Bg5 e6 3. Nd2 d5 4.
e3 Be7 5. Bd3 O-O 6. f4 c5 7. c3 Nc6 8. Ngf3 h6 9. Bh4 Ng4 10.
Bxe7 Qxe7 11. Qe2 Bd7 12. h3 Nf6 13. Ne5 Rfd8 14. O-O Be8 15. g4 Nd7 16. Qg2 f6 17. Nef3 e5 18. fxe5 fxe5 19. Bf5 Nf6 20. Rae1 e4 21.
Nh4 cxd4 22. exd4 Qd6 23. Ng6 Bxg6 24. Bxg6 Ne7 25. Bf5 Nxf5 26. Rxf5 Rf8 27. Ref1 g6 28. Re5 Nd7 29. Nxe4 Rxf1+ 30. Qxf1 dxe4 31. Qc4+ Kg7 32. Re6 Qg3+ 0-1

[Event "Late-Titled-Tuesday-Blitz-September-12-2023"]
[Site "Chess.com"]
[Date "2023.09.12"]
[Round "11"]
[White "wild3000"]
[Black "The_Princess_Moon"]
[Result "0-1"]
[WhiteElo "2396"]
[BlackElo "2297"]
[TimeControl "180+1"]
[EndTime "15:58:55 PDT"]
[Termination "The_Princess_Moon won on time"]

1. a4 c5 2. h4 d5 3. h5 h6 4. b3 Nc6 5. Bb2 e5 6. e3 Nf6 7. Bb5 Bd6 8. a5 Bg4 9. f3 Bd7 10. a6 b6 11. Nc3 d4 12. Ne4 Nxe4 13. fxe4 O-O 14. Nf3 Rc8 15. Qe2 Nb4 16. Bd3 b5 17. O-O c4 18. bxc4 bxc4 19. Bxc4 Nxc2 20. Rac1 Nb4 21. exd4 exd4 22. Bxd4 Bg4 23. Qf2 Bb8 24. Bb3 Rxc1 25. Rxc1 Nd3 26. Qf1 Nxc1 27. Qxc1 Bxf3 28. Qc3 Bxe4 29. Bxg7 Qg5 0-1

[Event "Late-Titled-Tuesday-Blitz-September-12-2023"]
[Site "Chess.com"]
[Date "2023.09.12"]
[Round "11"]
[White "MarcoRiehle"]
[Black "angryspacevoid"]
[Result "1-0"]
[WhiteElo "2782"]
[BlackElo "2592"]
[TimeControl "180+1"]
[EndTime "15:59:05 PDT"]
[Termination "MarcoRiehle won by checkmate"]

1. e4 e5 2. Nf3 Nf6 3. Nxe5 d6 4.
Nf3 Nxe4 5. Nc3 Nxc3 6. dxc3 Be7 7. Bf4 Be6 8. Nd4 O-O 9. Qd2 c5 10. Nxe6 fxe6 11. h4 Nc6 12. O-O-O Qa5 13. Kb1 Rad8 14.
g3 b5 15. Bh3 e5 16. Bg5 Kh8 17. Bg2 d5 18. Bxd5 b4 19. c4 Bxg5 20. hxg5 Ne7 21. g6 Nxg6 22. Rxh7+ Kxh7 23. Rh1+ Nh4 24. Qg5 Rxd5 25.
Qxh4+ Kg8 26. Qh7+ Kf7 27. cxd5 Qc7 28. Qf5+ Kg8 29.
Qe6+ Qf7 30. Qxe5 Qxf2 31. b3 Rf6 32. d6 Kf7 33. Qe7+ Kg6 34. d7 Qg2 35. Qe8+ Kg5 36.
Qh5# 1-0

[Event "Late-Titled-Tuesday-Blitz-September-12-2023"]
[Site "Chess.com"]
[Date "2023.09.12"]
[Round "11"]
[White "Langua_Chess"]
[Black "PepeCuenca"]
[Result "0-1"]
[WhiteElo "2486"]
[BlackElo "2722"]
[TimeControl "180+1"]
[EndTime "15:59:05 PDT"]
[Termination "PepeCuenca won by resignation"]

1. d4 d6 2. c4 Nf6 3. Nc3 g6 4. e4 Bg7 5. h3 O-O 6. Be3 c6 7. g4 a6 8. a4 a5 9. Be2 Na6 10. h4 e5 11. d5 cxd5 12. cxd5 Nd7 13. g5 f5 14. gxf6 Bxf6 15. h5 g5 16. h6 Ndc5 17. Nf3 Kh8 18. Rg1 g4 19. Nh2 Bg5 20.
Qd2 Bf4 21. Bxf4 Rxf4 22. Rd1 Qh4 23. Nxg4 Bxg4 0-1

[Event "Late-Titled-Tuesday-Blitz-September-12-2023"]
[Site "Chess.com"]
[Date "2023.09.12"]
[Round "11"]
[White "Zampronha1971"]
[Black "micke12a"]
[Result "0-1"]
[WhiteElo "2283"]
[BlackElo "2370"]
[TimeControl "180+1"]
[EndTime "15:59:09 PDT"]
[Termination "micke12a won by resignation"]

1. e4 c5 2. Nf3 d6 3. d4 cxd4 4. Nxd4 Nf6 5. Nc3 g6 6. Be3 Bg7 7. f3 O-O 8. Qd2 Nc6 9. Bc4 Nxd4 10. Bxd4 Be6 11. Bb3 Qa5 12. O-O-O b5 13. Kb1 b4 14. Nd5 Bxd5 15. exd5 Qb5 16. Rhe1 a5 17. Qe2 Qxe2 18. Rxe2 a4 19. Bc4 Rfc8 20. b3 axb3 21. cxb3 Rc7 22. Rde1 Kf8 23. g4 Ne8 24. Bxg7+ Nxg7 25. Re4 Ne8 26.
Bb5 Nf6 27. Rd4 Ra5 28. Bc6 e6 29. Rxb4 Nxd5 30. Bxd5 Rxd5 31. Re2 Rd3 32. Rf2 Rcc3 33. Kb2 Rxf3 34. Rxf3 Rxf3 35. a4 Rf2+ 36. Ka3 Rf1 37. Rd4 d5 38. a5 Ke7 39. b4 Kd6 40. Ka4 e5 41. Rd2 e4 42. b5 e3 43. Rb2 Rf2 44.
Rb1 e2 45. b6 Rf1 0-1

[Event "Late-Titled-Tuesday-Blitz-September-12-2023"]
[Site "Chess.com"]
[Date "2023.09.12"]
[Round "11"]
[White "Korchmar_Vasiliy"]
[Black "ChristopherYoo"]
[Result "0-1"]
[WhiteElo "2716"]
[BlackElo "3002"]
[TimeControl "180+1"]
[EndTime "15:59:14 PDT"]
[Termination "ChristopherYoo won by resignation"]

1. e4 c5 2. d4 cxd4 3. Qxd4 Nc6 4. Qd3 Nf6 5. Nc3 g6 6. Nf3 Bg7 7. Be2 O-O 8. O-O d6 9. Nd5 Bg4 10. c3 Nd7 11. Bg5 h6 12. Bh4 g5 13. Bg3 Nc5 14.
Qc2 e6 15. Ne3 Bxf3 16. Bxf3 Qe7 17. Rad1 Be5 18. Nc4 Bxg3 19. hxg3 Rfd8 20. b4 Nd7 21.
Rxd6 Rac8 22. Rfd1 b5 23. Ne3 Kg7 24. Be2 a6 25. a4 bxa4 26. Bxa6 Nxb4 27. Qxa4 Nxa6 28. Rxd7 Rxd7 29. Rxd7 Nc5 30. Qd4+ Qf6 31. e5 Qg6 32. Nc4 Nxd7 33. Nd6 Ra8 34. c4 Qb1+ 35. Kh2 Ra1 36. g4 Qg1+ 37. Kg3 Ra3+ 38. f3 Qxd4 0-1

[Event "Late-Titled-Tuesday-Blitz-September-12-2023"]
[Site "Chess.com"]
[Date "2023.09.12"]
[Round "11"]
[White "MBA_CHESS_2021"]
[Black "ChEsper99"]
[Result "1-0"]
[WhiteElo "2215"]
[BlackElo "2218"]
[TimeControl "180+1"]
[EndTime "15:59:15 PDT"]
[Termination "MBA_CHESS_2021 won on time"]

1. d4 g6 2. h4 h5 3. e4 d5 4.
exd5 Qxd5 5. c4 Qd8 6. Nc3 Nf6 7.
Be3 Bg7 8. Bd3 Nbd7 9. Nge2 b6 10. f3 e6 11. Qc2 O-O 12. O-O-O Qe7 13. Bg5 Bb7 14. Rdf1 c5 15. g4 cxd4 16. Ne4 Qb4 17. Nxf6+ Nxf6 18. Bxf6 Bxf6 19. gxh5 gxh5 20. Rhg1+ Kh8 21.
a3 Qa5 22. Kb1 Rg8 23. Qc1 Rg7 24. Qh6+ Kg8 25. Qxf6 1-0

[Event "Late-Titled-Tuesday-Blitz-September-12-2023"]
[Site "Chess.com"]
[Date "2023.09.12"]
[Round "11"]
[White "Jenia84"]
[Black "IMSlavin"]
[Result "0-1"]
[WhiteElo "2365"]
[BlackElo "2255"]
[TimeControl "180+1"]
[EndTime "15:59:20 PDT"]
[Termination "IMSlavin won by resignation"]

1. e4 Nc6 2. Nf3 d6 3. d4 Nf6 4. Nc3 Bg4 5. Be2 e5 6. Be3 a6 7. Qd2 Be7 8. O-O-O b5 9. a3 O-O 10. h3 Bh5 11. g4 Bg6 12. Ng5 exd4 13. Bxd4 Nxd4 14. Qxd4 c5 15. Qe3 b4 16. axb4 cxb4 17.
Nd5 Nxd5 18. Rxd5 b3 19. c3 a5 20. h4 h6 21. f4 a4 22. h5 Bh7 23. Nxh7 Kxh7 24. g5 a3 25. bxa3 Rxa3 26. g6+ Kh8 27. Kb2 Qa8 28. Rb1 Ra2+ 29. Kc1 Rc2+ 30. Kd1 Qa2 0-1

[Event "Late-Titled-Tuesday-Blitz-September-12-2023"]
[Site "Chess.com"]
[Date "2023.09.12"]
[Round "11"]
[White "ace_mar"]
[Black "diamonds13"]
[Result "1-0"]
[WhiteElo "2523"]
[BlackElo "2335"]
[TimeControl "180+1"]
[EndTime "15:59:20 PDT"]
[Termination "ace_mar won by resignation"]

1. e4 c5 2. Nf3 Nc6 3. d4 cxd4 4. Nxd4 Nf6 5. Nc3 e6 6. Nxc6 bxc6 7. e5 Nd5 8. Ne4 Qc7 9. f4 Qb6 10. c4 Bb4+ 11. Ke2 Ba6 12. Kf3 f5 13. Nf2 Ne7 14.
Be3 Bc5 15. Bxc5 Qxc5 16. Qd6 Qb6 17. b3 c5 18. Rd1 Bb7+ 19. Ke3 Bc6 20. Nd3 g5 21.
fxg5 f4+ 22. Kf2 Nf5 23. Qxc5 Ne3 24. Rd2 Rf8 25. b4 Nxc4 26. Rc2 Ne3 27. Rc1 Qb7 28.
Nxf4 Nxg2 29. Qxf8+ Kxf8 30. Bxg2 Bxg2 31. Nxg2 Kg7 32.
Rhf1 Rf8+ 33. Kg1 Qb6+ 34. Kh1 Rxf1+ 35. Rxf1 Qxb4 36. Rd1 Qa4 37. Rd2 Qxa2 38. Rxa2 Kg6 39. Rxa7 Kf5 40. Rxd7 Kxe5 41. Rxh7 1-0

[Event "Late-Titled-Tuesday-Blitz-September-12-2023"]
[Site "Chess.com"]
[Date "2023.09.12"]
[Round "11"]
[White "tteshan"]
[Black "GAO"]
[Result "1-0"]
[WhiteElo "2519"]
[BlackElo "2334"]
[TimeControl "180+1"]
[EndTime "15:59:23 PDT"]
[Termination "tteshan won by resignation"]

1. d4 Nf6 2. c4 g6 3. Nc3 Bg7 4. e4 d6 5. Be2 O-O 6. Bg5 Nbd7 7. Qd2 c5 8. d5 e6 9. h4 exd5 10.
exd5 Re8 11. Kf1 a6 12. h5 b5 13. Re1 Qa5 14. cxb5 axb5 15. Nxb5 Qxd2 16. Bxd2 Ne4 17.
Nf3 Ne5 18. Bf4 Rxa2 19. Bxe5 Bxe5 20. Bc4 Bd4 21. Bxa2 Bg4 22. hxg6 Bxf3 23. gxf7+ Kxf7 24. gxf3 Nd2+ 25. Kg2 Rg8+ 26. Kh3 Bxf2 27. Nxd6+ Kf6 28. Ne4+ Nxe4 29. Rxe4 Rg3+ 30. Kh2 Rxf3 31. Kg2 Rf5 32. Rf1 1-0

[Event "Late-Titled-Tuesday-Blitz-September-12-2023"]
[Site "Chess.com"]
[Date "2023.09.12"]
[Round "11"]
[White "salomez"]
[Black "Schwindle"]
[Result "0-1"]
[WhiteElo "2285"]
[BlackElo "2429"]
[TimeControl "180+1"]
[EndTime "15:59:25 PDT"]
[Termination "Schwindle won on time"]

1. e4 e6 2. d4 d5 3. Nc3 Nf6 4. e5 Nfd7 5. f4 c5 6. Nf3 Nc6 7. Be3 Be7 8. Be2 f6 9. exf6 Nxf6 10. dxc5 O-O 11. O-O Qa5 12. Qd2 Bxc5 13. Rae1 Ng4 14.
Bxc5 Qxc5+ 15. Kh1 Nf2+ 16. Rxf2 Qxf2 17. Qd3 Ne5 18.
fxe5 Rxf3 19. Qd1 Rf8 20. Rf1 Qc5 21. Rxf8+ Qxf8 22. Bd3 Bd7 23. Qh5 g6 24. Qg4 Qf7 25. h4 Rf8 0-1

[Event "Late-Titled-Tuesday-Blitz-September-12-2023"]
[Site "Chess.com"]
[Date "2023.09.12"]
[Round "11"]
[White "kai_nov"]
[Black "Quattroporte300"]
[Result "0-1"]
[WhiteElo "2243"]
[BlackElo "2395"]
[TimeControl "180+1"]
[EndTime "15:59:35 PDT"]
[Termination "Quattroporte300 won on time"]

1. d4 d5 2. c4 dxc4 3. e4 e5 4. Nf3 exd4 5. Bxc4 Nc6 6. O-O Bc5 7. e5 Nge7 8. b4 Bxb4 9. Bf4 O-O 10. Nbd2 Bf5 11.
Qb3 Bc3 12. Ng5 Bg6 13. e6 f6 14. Nf7 Bxf7 15. exf7+ Kh8 16. Qxb7 Bxa1 17. Rxa1 Na5 18.
Qb5 c6 19. Qc5 Nxc4 20. Nxc4 Rxf7 21. Bd6 Ng6 22. Qxc6 Rc8 23. Qd5 Rd7 24. Qxd4 Rxc4 25. Qxc4 Rxd6 26. g3 Ne5 27. Qe4 Rd4 28. Qb7 h5 29.
Kg2 Qd5+ 30. Qxd5 Rxd5 31. Rc1 Ra5 32. Rc2 Kg8 0-1

[Event "Late-Titled-Tuesday-Blitz-September-12-2023"]
[Site "Chess.com"]
[Date "2023.09.12"]
[Round "11"]
[White "leoduarte"]
[Black "djano"]
[Result "0-1"]
[WhiteElo "2460"]
[BlackElo "2626"]
[TimeControl "180+1"]
[EndTime "15:59:37 PDT"]
[Termination "djano won on time"]

1. d4 d5 2. c4 e6 3. Nf3 h6 4.
g3 Nf6 5. Bg2 Bb4+ 6. Bd2 Be7 7.
Qc2 O-O 8. O-O c6 9. Rd1 b6 10. Bf4 Nbd7 11. Nbd2 Ba6 12. b3 Rc8 13. e4 c5 14. exd5 exd5 15. dxc5 Bxc5 16. h3 Re8 17. Nf1 dxc4 18. bxc4 Bxc4 19. Ne3 Bxe3 20. Bxe3 Bf1 21.
Qa4 Bxg2 22. Kxg2 Qc7 23. Rac1 Qb7 24. Bf4 Nc5 25. Qb5 Nd5 26. Rd4 a6 27. Qb2 Nxf4+ 28. Rxf4 Nd3 29. Rxc8 Nxf4+ 30. gxf4 Rxc8 31. Qd4 Rc6 32. Kh2 Rg6 33. Qe3 Re6 34. Qd3 Qe4 35. Qd8+ Kh7 0-1

[Event "Late-Titled-Tuesday-Blitz-September-12-2023"]
[Site "Chess.com"]
[Date "2023.09.12"]
[Round "11"]
[White "Hikaru"]
[Black "mishanick"]
[Result "0-1"]
[WhiteElo "3189"]
[BlackElo "3078"]
[TimeControl "180+1"]
[EndTime "15:59:39 PDT"]
[Termination "mishanick won by resignation"]

1. Nf3 d5 2. e3 c5 3. b3 a6 4. Bb2 Nc6 5. d4 Nf6 6. Nbd2 cxd4 7. Nxd4 Nxd4 8. Bxd4 Qc7 9. c4 e5 10. Bb2 Bg4 11. Be2 Bxe2 12. Kxe2 Bb4 13. Rc1 d4 14. exd4 exd4 15. Nf3 O-O 16. Qxd4 Rfe8+ 17. Kf1 Rad8 18. Qh4 Re4 19. Qg5 Qd7 20. Bd4 h6 21. Qg3 Bc5 22.
Qh3 Bxd4 23. Rd1 Qxh3 24. gxh3 Bb6 25. Rxd8+ Bxd8 26. Kg2 Bb6 27. Rc1 Bc5 28. Rc2 a5 29.
Kf1 b6 30. Ne1 g5 31. Nd3 Rh4 32. Re2 Re4 33. Rc2 Rd4 34. Nxc5 bxc5 35. Re2 Ne4 36. f3 Rd1+ 0-1

[Event "Late-Titled-Tuesday-Blitz-September-12-2023"]
[Site "Chess.com"]
[Date "2023.09.12"]
[Round "11"]
[White "Der_Honigdachs"]
[Black "ARTHURMOTIVATOR"]
[Result "0-1"]
[WhiteElo "2511"]
[BlackElo "2428"]
[TimeControl "180+1"]
[EndTime "15:59:40 PDT"]
[Termination "ARTHURMOTIVATOR won by resignation"]

1. c4 e5 2. Nc3 Bb4 3. g3 Bxc3 4.
dxc3 d6 5. Bg2 Nc6 6. e4 Nge7 7.
Ne2 O-O 8. O-O Be6 9. b3 Qd7 10. f4 f5 11. fxe5 Nxe5 12. Nd4 fxe4 13. Nxe6 Qxe6 14.
Bxe4 Rxf1+ 15. Qxf1 Rf8 16. Qg2 Ng4 17. Bf4 g5 18. h3 gxf4 19. hxg4 f3 20. Qc2 Qxg4 21. Kf2 Qh3 22. Re1 Qh2+ 23. Ke3 f2 24. Rf1 Qxg3+ 25. Ke2 Qg4+ 26. Kd2 Qf4+ 27. Kd1 d5 28. cxd5 Nf5 29. Bxf5 Rxf5 30. c4 Qd4+ 31. Qd2 Qa1+ 32. Qc1 Qxa2 33. Qe3 Qa1+ 34. Ke2 Qb2+ 35. Kd1 Qb1+ 36. Ke2 Qc2+ 0-1

[Event "Late-Titled-Tuesday-Blitz-September-12-2023"]
[Site "Chess.com"]
[Date "2023.09.12"]
[Round "11"]
[White "CURRUTACO59"]
[Black "Nigerianprodigy"]
[Result "0-1"]
[WhiteElo "2251"]
[BlackElo "2377"]
[TimeControl "180+1"]
[EndTime "15:59:41 PDT"]
[Termination "Nigerianprodigy won on time"]

1. Nf3 d5 2. d4 Nf6 3. c4 e6 4. cxd5 exd5 5. Nc3 Bb4 6. Bd2 O-O 7. e3 c6 8. Be2 Bf5 9. O-O Nbd7 10. a3 Bd6 11. b4 a6 12. Rc1 Ne4 13. Qb3 g5 14.
Rfd1 g4 15. Nxe4 Bxe4 16. Ne5 Nxe5 17. dxe5 Bxe5 18. Bxg4 Qh4 19. Bh3 Rae8 20. Bc3 f6 21. Bd4 Rf7 22. f4 Rg7 23. Kf1 Bxf4 24. exf4 Qxf4+ 25. Kg1 Bxg2 26. Bxg2 Re2 0-1

[Event "Late-Titled-Tuesday-Blitz-September-12-2023"]
[Site "Chess.com"]
[Date "2023.09.12"]
[Round "11"]
[White "F-Ghaith2021"]
[Black "kleopl"]
[Result "1-0"]
[WhiteElo "2406"]
[BlackElo "2507"]
[TimeControl "180+1"]
[EndTime "15:59:42 PDT"]
[Termination "F-Ghaith2021 won by resignation"]

1. e4 c5 2. Nf3 d6 3. d4 cxd4 4. Nxd4 Nf6 5. Nc3 a6 6. Bg5 e6 7.
f4 Be7 8. Qf3 Qc7 9. O-O-O Nbd7 10. Bd3 b5 11. Rhe1 Bb7 12. Qg3 b4 13. Nd5 exd5 14.
exd5 Kd8 15. Bh4 Bxd5 16. Rxe7 Kxe7 17. Nf5+ Kd8 18. Qxg7 Re8 19. Bxf6+ Nxf6 20. Qxf6+ Kd7 21. Nd4 Kc8 22. h4 Qc5 23. Kb1 Ra7 24. h5 a5 25. h6 a4 26. Bxh7 a3 27. Bf5+ Kb8 28. Nb3 Bxb3 29. cxb3 axb2 30. h7 Qa5 31. Qxd6+ Ka8 32.
Be4+ Rxe4 33. h8=Q+ Kb7 34. Qd7+ Kb6 35. Rd6+ 1-0

[Event "Late-Titled-Tuesday-Blitz-September-12-2023"]
[Site "Chess.com"]
[Date "2023.09.12"]
[Round "11"]
[White "Bala-Afiada"]
[Black "Rinqed222"]
[Result "0-1"]
[WhiteElo "1960"]
[BlackElo "2219"]
[TimeControl "180+1"]
[EndTime "15:59:43 PDT"]
[Termination "Rinqed222 won by resignation"]

1. d4 Nf6 2. c4 g6 3. Nc3 Bg7 4. e4 d6 5. Nf3 O-O 6. Be2 Nbd7 7. Be3 e5 8. d5 Qe7 9. b4 a5 10. a3 Ng4 11. Bg5 f6 12. Bd2 f5 13. h3 Ngf6 14.
Ng5 Nb6 15. Be3 f4 16. Bxb6 cxb6 17. Nf3 Bd7 18. Qb3 h6 19. c5 bxc5 20. bxc5 Rfc8 21. c6 bxc6 22. dxc6+ Be6 23. Qb7 Ra7 24. Qxe7 Rxe7 25. Nb5 Rxc6 26. O-O Nxe4 27. Rfd1 d5 28. Nh4 g5 29.
Ng6 Rb7 30. a4 Kf7 31. Rac1 Rxc1 32. Rxc1 Kxg6 33. Nd6 Nxd6 0-1

[Event "Late-Titled-Tuesday-Blitz-September-12-2023"]
[Site "Chess.com"]
[Date "2023.09.12"]
[Round "11"]
[White "kreonx"]
[Black "RaphaeI"]
[Result "1-0"]
[WhiteElo "2476"]
[BlackElo "2557"]
[TimeControl "180+1"]
[EndTime "15:59:45 PDT"]
[Termination "kreonx won on time"]

1. e4 e5 2. Nf3 Nc6 3. d4 exd4 4.
Nxd4 Nf6 5. Nxc6 bxc6 6. e5 Qe7 7. Qe2 Nd5 8. c4 Ba6 9. b3 g6 10.
f4 d6 11. Bb2 Nxf4 12. Qf3 O-O-O 13. Qxf4 Bg7 14. Be2 dxe5 15. Qe3 c5 16. O-O f5 17. Nc3 e4 18. Nd5 Rxd5 19. Bxg7 Qxg7 20. cxd5 Bxe2 21.
Qxe2 Qd4+ 22. Kh1 Re8 23. Rad1 Qc3 24. Qa6+ Kd8 25. d6 e3 26. dxc7+ Kxc7 27. Qxa7+ 1-0

[Event "Late-Titled-Tuesday-Blitz-September-12-2023"]
[Site "Chess.com"]
[Date "2023.09.12"]
[Round "11"]
[White "Francisco_Ferrari"]
[Black "valemava"]
[Result "0-1"]
[WhiteElo "2241"]
[BlackElo "2364"]
[TimeControl "180+1"]
[EndTime "15:59:45 PDT"]
[Termination "valemava won by checkmate"]

1. e4 c5 2. Nf3 Qa5 3. Nc3 a6 4.
d4 b5 5. dxc5 e6 6. Bd2 b4 7.
Ne2 Bxc5 8. Ned4 Qb6 9. Be3 Bb7 10. Bd3 Nf6 11. O-O Bxe4 12. Bxe4 Nxe4 13. Qd3 d5 14.
Ne5 O-O 15. Rfd1 Nf6 16. Bg5 Bxd4 17. Qxd4 Qxd4 18. Rxd4 a5 19. a3 bxa3 20. Rxa3 Ne4 21. Be3 Rc8 22. c3 f6 23. Nd3 Nd6 24. Rda4 Nc4 25.
Ra1 Nc6 26. Bc5 Rab8 27. b4 axb4 28. cxb4 e5 29. Kf1 e4 30. Nf4 Kf7 31. Nxd5 N4e5 32.
Nc3 f5 33. Rd1 Rd8 34. Rxd8 Rxd8 35. Ke2 Nc4 36. b5 N6e5 37. b6 Rd2+ 38. Ke1 Nd3+ 39. Kf1 Rc2 40. Rxc4 Nf4 41. b7 Rc1+ 42. Nd1 Rxd1# 0-1

[Event "Late-Titled-Tuesday-Blitz-September-12-2023"]
[Site "Chess.com"]
[Date "2023.09.12"]
[Round "11"]
[White "WPWPWP-2015"]
[Black "RCone"]
[Result "0-1"]
[WhiteElo "2501"]
[BlackElo "2348"]
[TimeControl "180+1"]
[EndTime "15:59:50 PDT"]
[Termination "RCone won on time"]

1. d4 d6 2. e4 Nf6 3. Nc3 g6 4. Nf3 Bg7 5. h3 O-O 6. Be2 Nc6 7. O-O e5 8. d5 Ne7 9. a4 a5 10. Re1 Ne8 11. Nd2 f5 12. f3 Bh6 13. Nc4 Bxc1 14. Qxc1 f4 15. Nb5 g5 16. c3 h5 17. b4 b6 18. bxa5 bxa5 19. Qd1 Nf6 20. Rb1 Rf7 21. Nd2 Rg7 22. c4 Ng6 23. c5 Nf8 24. cxd6 cxd6 25. Nc4 Ne8 26. Rb3 Nh7 27. Qd2 Nhf6 28.
Nba3 g4 29. fxg4 hxg4 30. hxg4 Nxe4 31. Qc2 Qh4 32. g3 fxg3 33. Bf3 Nf2 34. Bg2 Bxg4 35. Rxg3 Nh3+ 36. Rxh3 Bxh3 0-1

[Event "Late-Titled-Tuesday-Blitz-September-12-2023"]
[Site "Chess.com"]
[Date "2023.09.12"]
[Round "11"]
[White "ilya2700"]
[Black "The_Straightforward_Rook"]
[Result "0-1"]
[WhiteElo "2291"]
[BlackElo "2510"]
[TimeControl "180+1"]
[EndTime "15:59:51 PDT"]
[Termination "The_Straightforward_Rook won by resignation"]

1. c4 e5 2. Nc3 Nf6 3. Nf3 e4 4. Ng5 c6 5. Ngxe4 Nxe4 6. Nxe4 d5 7.
cxd5 cxd5 8. Nc3 d4 9. Ne4 Nc6 10. d3 Be6 11. g3 f5 12. Nd2 Bd5 13. Rg1 Bd6 14. Bg2 Bxg2 15. Rxg2 O-O 16. Qb3+ Kh8 17. Qxb7 Nb4 18. Kf1 f4 19. Ne4 fxg3 20. Nxd6 Qxd6 21. Rxg3 Qf6 22. Rf3 Qd6 23. Bf4 Qc5 24. Be5 Qxe5 25. Rxf8+ Rxf8 26. Qxb4 Qf4 27. f3 Re8 28. Qc5 Qxh2 29. Re1 Qh1+ 30. Kf2 Qh4+ 31.
Kf1 h6 32. e4 Qh1+ 33. Kf2 Qh2+ 34. Kf1 Re5 35. Qc8+ Kh7 36. Re2 Qh1+ 37. Kf2 Rg5 38. f4 Qg1+ 0-1

[Event "Late-Titled-Tuesday-Blitz-September-12-2023"]
[Site "Chess.com"]
[Date "2023.09.12"]
[Round "11"]
[White "GlavkonVVS"]
[Black "Zhigalko_Sergei"]
[Result "1-0"]
[WhiteElo "2613"]
[BlackElo "2854"]
[TimeControl "180+1"]
[EndTime "15:59:53 PDT"]
[Termination "GlavkonVVS won on time"]

1. c4 Nf6 2. Nc3 e5 3. g3 c6 4. Bg2 d5 5. cxd5 cxd5 6. Qb3 e4 7. d3 Nc6 8. dxe4 d4 9. Nd5 a5 10. Bg5 a4 11. Qd1 a3 12. b3 Be6 13. Bxf6 gxf6 14.
Nf3 Qa5+ 15. Nd2 Bh6 16. f4 f5 17. O-O fxe4 18. Nxe4 O-O-O 19. Ndf6 Bg7 20. Rc1 Kb8 21. Kh1 h5 22. Rc5 Qb6 23. Rg5 Bxf6 24. Nxf6 h4 25. g4 h3 26. Bf3 Nb4 27. Qd2 Rc8 28. f5 Rc2 29. Qf4+ Ka7 30. fxe6 fxe6 31. Rg7 Rf8 32. Rxb7+ Qxb7 33. Bxb7 Kxb7 34. Qxd4 Nd5 35. g5 Rxe2 36. Qc5 Rc8 37. Qb5+ Nb6 38. Qxe2 Rc1 39. Rxc1 1-0

[Event "Late-Titled-Tuesday-Blitz-September-12-2023"]
[Site "Chess.com"]
[Date "2023.09.12"]
[Round "11"]
[White "Lennis93"]
[Black "Beca95"]
[Result "0-1"]
[WhiteElo "2716"]
[BlackElo "2953"]
[TimeControl "180+1"]
[EndTime "15:59:55 PDT"]
[Termination "Beca95 won by resignation"]

1. Nf3 Nf6 2. d4 e6 3. g3 c5 4. Bg2 cxd4 5. O-O d5 6. Nxd4 e5 7. Nb3 a5 8. c4 d4 9. Bg5 Nc6 10. N1d2 a4 11. Nc1 Be7 12. Nd3 O-O 13. Re1 h6 14.
Bxf6 Bxf6 15. Nc5 Qa5 16. Nce4 Be7 17. c5 Be6 18. Qc1 Qb5 19. b3 axb3 20. axb3 Rxa1 21. Qxa1 Bxc5 22. Nxc5 Qxc5 23. Rc1 Qb5 24. Bf3 Bd5 25. Re1 Nb4 26. Qb1 f5 27. Nc4 e4 28. Bh5 Qc5 29. Rc1 Rc8 30. Qb2 b5 31. Bg6 bxc4 32.
bxc4 Be6 33. g4 Nc6 34. gxf5 Bxf5 35. Bxf5 Qxf5 36. Qb6 d3 37. exd3 exd3 38. Kf1 Ne5 39. Qe3 Ng4 40. Qg3 Rf8 41. c5 Nxf2 42. Kg2 Ne4 43.
Qe3 Qg4+ 44. Kh1 Nf2+ 45. Qxf2 Rxf2 0-1

[Event "Late-Titled-Tuesday-Blitz-September-12-2023"]
[Site "Chess.com"]
[Date "2023.09.12"]
[Round "11"]
[White "RIPOL"]
[Black "ahkashefi2800"]
[Result "0-1"]
[WhiteElo "2469"]
[BlackElo "2624"]
[TimeControl "180+1"]
[EndTime "15:59:58 PDT"]
[Termination "ahkashefi2800 won by resignation"]

1. d4 d5 2. c4 c6 3. Nc3 Nf6 4.
cxd5 cxd5 5. Bf4 Nc6 6. e3 a6 7.
Rc1 Bg4 8. f3 Bd7 9. Bd3 e6 10.
Nge2 Nh5 11. Be5 Nxe5 12. dxe5 g6 13. O-O Rc8 14. Nd4 Ng7 15. Nce2 Bc5 16. a3 O-O 17. Qd2 Kh8 18. b4 Ba7 19. Rxc8 Qxc8 20. Rc1 Qb8 21.
Kf2 Qxe5 22. f4 Qd6 23. Qc3 Bb6 24. Nb3 Kg8 25. Nc5 Bc6 26. g3 Ra8 27. Nxa6 Nf5 28. Nc5 d4 29. Nxd4 Nxd4 30. Qxd4 Qxd4 31. exd4 Rxa3 32.
Be4 Bxc5 33. Bxc6 Bxd4+ 34. Kg2 bxc6 35. Rxc6 Rb3 0-1

[Event "Late-Titled-Tuesday-Blitz-September-12-2023"]
[Site "Chess.com"]
[Date "2023.09.12"]
[Round "11"]
[White "S-Fazulyanov"]
[Black "RETURNOFTHELAGGER"]
[Result "1/2-1/2"]
[WhiteElo "2471"]
[BlackElo "2589"]
[TimeControl "180+1"]
[EndTime "15:59:59 PDT"]
[Termination "Game drawn by repetition"]

1. e4 c5 2. Nf3 d6 3. d4 cxd4 4.
Nxd4 Nf6 5. Nc3 a6 6. h3 e5 7.
Nde2 h5 8. Bg5 Be6 9. Qd2 Nbd7 10. g3 Be7 11. Bg2 Rc8 12. O-O b5 13. Bxf6 Nxf6 14. a4 b4 15. Nd5 Bxd5 16. exd5 a5 17. c3 Rb8 18. c4 h4 19. g4 Nd7 20. f4 exf4 21. Qxf4 Ne5 22. Nd4 Bg5 23. Qe4 O-O 24. Nf5 Re8 25. Rae1 Rc8 26. b3 g6 27. Nd4 Qd7 28. Qc2 Nxg4 29. hxg4 Be3+ 30. Rxe3 Rxe3 31. Qf2 Rg3 32. Kh2 Re8 33. Qf6 Rxg2+ 34. Kxg2 Qxg4+ 35. Kh1 Qh3+ 36. Kg1 Qg3+ 37. Kh1 Qh3+ 38.
Kg1 Qg3+ 39. Kh1 Qh3+ 1/2-1/2